 Dungeon Crawl Stone Soup version 0.29.1-2-gbd0b4ee654 (webtiles) character file.

Game seed: 12761548934405407044

48 DildoBatman the Conjurer (level 4, 0/26 (30) HPs)
             Began as a Formicid Conjurer on Nov 22, 2022.
             Slain by Blork the orc
             ... wielding a +3 short sword of draining
              (1 damage)
             ... on level 4 of the Dungeon.
             The game lasted 00:01:56 (681 turns).

DildoBatman the Conjurer (Formicid Conjurer)         Turns: 681, Time: 00:01:57

HP:   0/26 (30)     AC:  2    Str: 12    XL:     4   Next: 0%
MP:   7/7           EV: 12    Int: 19    God:
Gold: 57            SH:  0    Dex: 12    Spells: 4/7 levels left

rFire   . . .      SeeInvis +   d - +0 dagger
rCold   . . .      Faith    .   (no shield)
rNeg    . . .      Spirit   .   a - +0 robe
rPois   .          Reflect  .   (helmet unavailable)
rElec   .          Harm     .   (no cloak)
rCorr   .          Rampage  .   (no gloves)
Will    .....                   (no boots)
Stlth   ++........              (no amulet)
HPRegen 0.08/turn               (no ring)
MPRegen 0.10/turn               (no ring)

@: heavily drained
A: permanent stasis, dig shafts and tunnels, antennae 3, four strong arms
a: Dig, Shaft Self


You were on level 4 of the Dungeon.
You visited 1 branch of the dungeon, and saw 3 of its levels.

You collected 57 gold pieces.

Inventory:

Hand Weapons
 d - a +0 dagger (weapon)
Missiles
 e - 17 stones
Armour
 a - a +0 robe (worn)
Scrolls
 c - a scroll of blinking {unknown}
 f - 3 scrolls of identify {unknown}
 g - a scroll of enchant armour {unknown}
 i - a scroll of fear {unknown}
 j - a scroll of noise {unknown}
 k - a scroll of teleportation {unknown}
 m - a scroll of summoning {unknown}
Potions
 b - a potion of magic
 h - 2 potions of haste {unknown}
 l - a potion of mutation {unknown}


   Skills:
 - Level 1.7 Dodging
 - Level 2.4 Stealth
 - Level 2.1 Spellcasting
 * Level 4.8 Conjurations


You had 4 spell levels left.
You knew the following spells:

 Your Spells              Type           Power      Damage    Failure   Level
a - Searing Ray           Conj           40%        2d5       3%          2
c - Magic Dart            Conj           80%        1d7       2%          1

Your spell library contained the following spells:

 Spells                   Type           Power      Damage    Failure   Level
 Dazzling Flash           Conj/Hex       22%        N/A       19%         3
 Fulminant Prism          Conj/Hex       5%         3d7       52%         4
 Iskenderun's Mystic Bla  Conj/Tloc      11%        2d4       52%         4


Dungeon Overview and Level Annotations

Branches:
Dungeon (2/15)

Altars:

Annotations:
D:4 Blork the orc, Eustachio


Innate Abilities, Weirdness & Mutations

You cannot be hasted, slowed, berserked, paralysed or teleported.
You can dig through walls and to a lower floor.
You have a pair of large antennae on your head. (SInv)
Your four strong arms can wield two-handed weapons with a shield.


Message History

Eustachio barely misses you. What are your orders? t - Shout!
Orders for allies: a - Attack new target. r - Retreat! s - Stop attacking. g - Guard the area. f - Follow me.
Anything else - Cancel.
You shout for attention!
Blork the orc barely misses you.
Eustachio hits you with a +3 rapier of flaming!
Eustachio burns you. What are your orders? t - Shout!
Orders for allies: a - Attack new target. r - Retreat! s - Stop attacking. g - Guard the area. f - Follow me.
Anything else - Cancel.
You shout for attention!
Blork the orc gestures wildly while chanting.
Blork the orc seems to speed up.
Eustachio casts a spell.
Eustachio blinks!
What are your orders? t - Shout!
Orders for allies: a - Attack new target. r - Retreat! s - Stop attacking. g - Guard the area. f - Follow me.
Anything else - Cancel.
You shout for attention!
Blork the orc misses you. What are your orders? t - Shout!
Orders for allies: a - Attack new target. r - Retreat! s - Stop attacking. g - Guard the area. f - Follow me.
Anything else - Cancel.
You shout for attention!
Blork the orc hits you with a +3 short sword of draining.
You feel drained.
You die...

#.######
#......#
#@# #o#
#@# ...
#.# #.#
#.. ###


You could see Eustachio and Blork the orc (fast).

Vanquished Creatures
  3 adders (D:2)
  A dart slug (D:2)
  2 ball pythons (D:2)
  An endoplasm (D:1)
  3 goblins
  2 hobgoblins
  A bat (D:1)
  2 frilled lizards (D:2)
  4 kobolds
  A rat (D:2)
20 creatures vanquished.

Notes
Turn   | Place    | Note
-------+----------+-------------------------------------------
     0 | D:1      | DildoBatman the Formicid Conjurer began the quest for the
                  | Orb.
     0 | D:1      | Reached XP level 1. HP: 13/13 MP: 3/3
   143 | D:1      | You fall into a shaft and drop 1 floor!
   203 | D:2      | Reached XP level 2. HP: 19/19 MP: 1/5
   206 | D:2      | Learned a level 2 spell: Searing Ray
   264 | D:2      | Reached skill level 4 in Conjurations
   338 | D:2      | Reached XP level 3. HP: 24/24 MP: 1/6
   643 | D:1      | Reached XP level 4. HP: 30/30 MP: 3/7
   645 | D:1      | You fall into a shaft and drop 1 floor!
   665 | D:2      | You fall into a shaft and drop 2 floors!
   668 | D:4      | Noticed Blork the orc
   669 | D:4      | Noticed Eustachio
   681 | D:4      | HP: 1/27 [Blork the orc/+3 short sword of draining (4)]
   681 | D:4      | Slain by Blork the orc

Illustrated notes

Levels and vault maps discovered:
D:1:      heliophobic_arrival_ceremonial_halls, layout_basic, st_stairs_13
D:2:      minmay_angry_zag, layout_loops_ring, fountainhead,
          minmay_misc_feat_plants, minmay_randomly_rotated_circles
D:4:      minmay_wonky_spiral, layout_loops_ring, mainiacjoe_overflow_catwalk,
          minmay_temple_entry_slanted, serial_shops, shop_statue,
          uniq_blork_the_orc, uniq_crazy_yiuf_cottage, uniq_eustachio

Skill      XL: |  1  2 |
---------------+-------+-----
Conjurations   | 4 |  4.8
Dodging        | |  1.7
Stealth        | |  2.4
Spellcasting   | |  2.1

Action                   |  1- 3 |  4- 6 || total
-------------------------+-------+-------++-------
Melee: Dagger            |    15 |       ||    15
       Unarmed           |     1 |       ||     1
 Cast: Magic Dart        |    38 |       ||    38
 Abil: Shaft Self        |       |     2 ||     2
 Stab: Sleeping          |     2 |       ||     2
Dodge: Dodged            |     9 |    10 ||    19
